AoeStats
← Juanpiola

Arabia

510046918Analyzed
1v1 RM · 4d ago on Sep 29, 2026· 69m 16s· 2 players
Game mode
Random Map
Map size
Tiny (2 player)
Population
200
Speed
Normal
Resources
Standard
Victory
Conquest
Starting age
Dark Age
Ending age
Imperial Age
RankedLock teamsTeams togetherTeam positionsShared explorationLock speedFull tech treeHidden civsTurbo modeCheats
Victory
Defeat
🇨🇿 Saxons · Czechia
879
+14
🇦🇷 Maya · Argentina
846
-14
Juanpiola
0:26 Loom
11:43 Feudal Age
19:51 Castle Age
18:05 Fletching
19:14 Padded Archer Armor
19:52 Crossbowman
21:58 Town Watch
28:21 Double-Bit Axe
31:25 Fortified Wall
32:59 Bow Saw
33:43 Bodkin Arrow
35:17 Wheelbarrow
35:15 Horse Collar
36:28 Hul'che Javelineers
36:47 Squires
40:03 Imperial Age
38:45 Heavy Plow
39:53 Thumb Ring
39:47 Gold Mining
41:10 Conscription
42:01 Two-Man Saw
41:19 Hand Cart
40:47 Man-at-Arms
42:25 Crop Rotation
41:59 Town Patrol
42:04 Scale Mail Armor
42:05 Stone Mining
44:02 Chemistry
43:24 Ballistics
42:30 Elite Skirmisher
43:24 Arson
43:04 Long Swordsman
43:35 Eagle Warrior
43:59 Two-Handed Swordsman
44:44 Scale Mail Armor
45:22 Arbalester
47:24 Hoardings
47:20 Bracer
47:38 Leather Archer Armor
48:00 Chain Mail Armor
51:27 Holcans
50:46 Elite Eagle Warrior
54:03 Plate Mail Armor
53:43 Forging
56:10 Iron Casting
58:06 Onager
64:55 Ring Archer Armor
65:26 Blast Furnace
odinson
11:34 Feudal Age
9:50 Loom
12:53 Wheelbarrow
12:07 Double-Bit Axe
14:43 Horse Collar
15:16 Gold Mining
24:29 Castle Age
23:32 Stone Mining
24:54 Fletching
25:14 Forging
26:50 Bow Saw
27:44 Heavy Plow
37:13 Imperial Age
35:01 Hand Cart
34:32 Town Watch
34:19 Crossbowman
38:43 Conscription
39:36 Elite Skirmisher
40:28 Bodkin Arrow
40:34 Padded Archer Armor
41:09 Iron Casting
40:35 Scale Mail Armor
42:13 Thumb Ring
41:37 Arbalester
42:35 Capped Ram
44:19 Bracer
44:35 Leather Archer Armor
47:12 Elite Varangian Guard
51:46 Hoardings
58:43 Ring Archer Armor
58:29 Chain Mail Armor
Connection lost

Rejoining the realm…

Still unreachable

The connection could not be restored.

Session expired

The server has moved on; the page needs a fresh start.